 Dungeon Crawl Stone Soup version 0.27-a0-1200-g94dc6ad4cf (webtiles) character file.

Game seed: 15918464030456461955

572 Delamore the Cudgeller (level 7, -6/44 HPs)
             Began as a Gargoyle Fighter on May 30, 2021.
             Killed by divine providence
             ... invoked by an orc priest
              (16 damage)
             ... on level 4 of the Dungeon.
             The game lasted 00:05:14 (5003 turns).

Delamore the Cudgeller (Gargoyle Fighter)           Turns: 5003, Time: 00:05:15

Health: -6/44      AC: 14    Str: 21    XL:     7   Next: 34%
Magic:  7/7        EV:  8    Int: 11    God:
Gold:   185        SH:  9    Dex: 11    Spells: 6/6 levels left

rFire    + . .     SeeInvis .   a - +0 flail
rCold    . . .     Faith    .   c - +0 kite shield
rNeg     + . .     Spirit   .   b - +0 scale mail
rPois    ∞         Reflect  .   (no helmet)
rElec    +         Harm     .   q - +2 cloak {rPois}
rCorr    .         Rampage  .   (no gloves)
Will     .....                  (no boots)
Stlth    ..........             (no amulet)
HPRegen  0.14/turn              (no ring)
MPRegen  0.10/turn              (no ring)

@: no status effects
A: sickness immunity, AC +4, negative energy resistance 1, electricity
resistance, torment resistance 1, petrification resistance, agile 1, clever 1,
fire resistance 1, sturdy frame 1
a: no special abilities


You were on level 4 of the Dungeon.
You visited 1 branch of the dungeon, and saw 4 of its levels.
You also visited: Sewer.

You collected 185 gold pieces.

Inventory:

Hand Weapons
 a - a +0 flail (weapon)
Missiles
 g - 58 poisoned darts (quivered)
Armour
 b - a +0 scale mail (worn)
 c - a +0 kite shield (worn)
 q - a +2 cloak of poison resistance (worn)
Wands
 j - a wand of charming (9)
 o - a wand of polymorph (5)
Scrolls
 f - a scroll of teleportation
 k - a scroll of enchant weapon
 l - a scroll of silence {unknown}
 m - a scroll of amnesia {unknown}
 n - a scroll of brand weapon {unknown}
Potions
 d - 2 potions of might
 e - 2 potions of heal wounds {unknown}
 h - 4 potions of curing
 i - 2 potions of attraction
 p - 3 potions of flight
 r - a potion of haste {unknown}


   Skills:
 - Level 5.0 Fighting
 * Level 7.1 Maces & Flails
 - Level 3.2 Armour
 - Level 3.2 Shields


You had 6 spell levels left.
You didn't know any spells.
Your spell library contained the following spells:

 Spells                   Type           Power      Damage    Failure   Level
 Magic Dart               Conj           0%         1d3       97%         1
 Sandblast                Erth           0%         2d4       97%         1
 Blink                    Tloc           N/A        N/A       99%         2
 Call Imp                 Summ           0%         N/A       99%         2
 Passwall                 Tmut/Erth      0%         N/A       99%         2
 Searing Ray              Conj           0%         3d3       99%         2
 Slow                     Hex            0%         N/A       99%         2
 Conjure Flame            Conj/Fire      0%         6-21      100%        3
 Dazzling Flash           Conj/Hex       0%         N/A       100%        3
 Mephitic Cloud           Conj/Pois/Air  0%         N/A       100%        3
 Stone Arrow              Conj/Erth      0%         3d7       100%        3
 Fulminant Prism          Conj/Hex       0%         3d6       100%        4
 Iskenderun's Mystic Bla  Conj/Tloc      0%         2d3       100%        4
 Petrify                  Tmut/Erth      0%         N/A       100%        4
 Lee's Rapid Deconstruct  Erth           0%         3d5*      100%        5


Dungeon Overview and Level Annotations

Branches:
Dungeon (4/15)              Sewer (visited)
 Temple: D:4-7

Altars:
Trog

Annotations:
D:3 1 runed translucent door, Glokmah's ghost, amateur FoAr


Innate Abilities, Weirdness & Mutations

You are immune to sickness and miasma.
Your stone body is resilient. (AC +4)
You are immune to poison.
You resist negative energy. (rN+)
You are resistant to electric shocks. (rElec)
You are resistant to unholy torment.
You are immune to petrification.
You are agile. (Dex +2)
Your mind is acute. (Int +2)
Your flesh is heat resistant. (rF+)
Your movements are slightly less encumbered by armour. (ER -2)


Message History

Something hits you but does no damage.
You miss something. The orc barely misses you. Something hits you.
The orc barely misses you.
You hit something.
You hear some strange, mumbled words.
A puff of flame appears from out of thin air!
The puff of flame hits you. You resist. You block the orc's attack.
You closely miss something.
You hear some strange, mumbled words.
Something tries to affect you, but you resist.
The orc hits you but does no damage. Something hits you but does no damage.
You miss something. The orc hits you but does no damage.
You hear some strange, mumbled words.
Something tries to affect you, but you resist.
You block the orc's attack.
You closely miss something. Something hits you but does no damage.
You block the orc's attack.
You completely miss something. Something hits you but does no damage.
The orc hits you with a +0 club.
You closely miss something.
You hear some strange, mumbled words.
Something tries to affect you, but you resist.
You block the orc's attack. Something hits you but does no damage.
You sock something! You block the orc's attack.
Something hits you but does no damage. The orc hits you with a +0 club.
You hit something.
Reactivating autopickup.
You feel a bit more experienced. The orc hits you with a +0 club.
The orc priest hits you but does no damage.
The orc priest calls down the wrath of Beogh upon you.
Beogh smites you!
* * * LOW HITPOINT WARNING * * *
Things that are here:
a +0 dagger; a +0 robe; an orc corpse You sock the orc priest!
The orc priest is heavily wounded.
You block the orc's attack.
The orc priest invokes the aid of Beogh against you.
Beogh smites you!
You die...

##.## ##.......## ##..#
#.# ##.....## ##.# #.#
##...## #.# #.#
######### #.# #.# ##⌠⌠⌠
⌠ ⌠ # #.#
#.###⌠⌠#...#⌠⌠########.#
#.##⌠⌠#.#[#.#⌠⌠##......#
###oo#...#o..#⌠⌠###.####
#o#.#.#@#.#⌠⌠##..#
..#.⌠.#o..#⌠⌠##.#
#.#.#)#.#.#⌠⌠#.#
.[#...#...#⌠#.#
#.#.#.#.#.#..'.#
⌠.#.⌠.#.⌠.#..)'.#
#.#.#.#.#.#.#..'.#
..#...#...#...#⌠###
.#.#.#.#.#.#.#⌠⌠#


You could see an orc priest and an orc.

Vanquished Creatures
  2 kobold brigands
  A scorpion (D:4)
  Crazy Yiuf (D:3)
  Jessica (D:3)
  A bullfrog skeleton (D:4)
  Natasha (thrice) (D:3)
  An orc wizard (D:4)
  A gnoll (D:1)
  8 adders
  3 worms (D:3)
  2 dart slugs (D:1)
  6 orcs
  5 bats (D:3)
  3 endoplasms (D:3)
  4 giant cockroaches
  7 goblins
  8 hobgoblins
  9 jackals
  2 quokkas
  9 ball pythons
  2 frilled lizards (D:1)
  16 kobolds
  8 rats
103 creatures vanquished.

Vanquished Creatures (others)
  9 plants
  2 withered plants (D:3)
11 creatures vanquished.

Grand Total: 114 creatures vanquished

Notes
Turn   | Place    | Note
-------+----------+-------------------------------------------
     0 | D:1      | Delamore the Gargoyle Fighter began the quest for the Orb.
     0 | D:1      | Reached XP level 1. HP: 14/14 MP: 1/1
   239 | D:1      | Reached XP level 2. HP: 9/19 MP: 2/2
   475 | D:1      | Reached skill level 3 in Maces & Flails
   538 | D:1      | Reached XP level 3. HP: 24/24 MP: 3/3
  1544 | D:2      | Reached XP level 4. HP: 29/29 MP: 4/4
  2295 | D:3      | Noticed Natasha
  2305 | D:3      | Killed Natasha
  2306 | D:3      | Reached skill level 4 in Maces & Flails
  2357 | D:3      | Reached XP level 5. HP: 34/34 MP: 5/5
  2448 | D:3      | Noticed Natasha
  2472 | D:3      | Gained mutation: Your mind is acute. (Int +2) [potion of
                  | mutation]
  2472 | D:3      | Gained mutation: You are agile. (Dex +2) [potion of
                  | mutation]
  2472 | D:3      | Gained mutation: Your movements are slightly less
                  | encumbered by armour. (ER -2) [potion of mutation]
  2472 | D:3      | Gained mutation: Your flesh is heat resistant. (rF+)
                  | [potion of mutation]
  2488 | D:3      | Killed Natasha
  2767 | D:3      | Noticed Jessica
  2774 | D:3      | Killed Jessica
  2960 | D:3      | Found a faded altar of an unknown god.
  3044 | D:3      | Noticed a kobold brigand
  3181 | D:3      | Killed a kobold brigand
  3182 | D:3      | Reached skill level 5 in Fighting
  3182 | D:3      | Reached skill level 5 in Maces & Flails
  3182 | D:3      | Reached XP level 6. HP: 21/40 MP: 6/6
  3364 | D:3      | Found a runed translucent door.
  3364 | D:3      | Noticed Glokmah's ghost (amateur FoAr)
  3429 | D:3      | Found a runed translucent door.
  3430 | D:3      | Noticed Crazy Yiuf
  3637 | D:3      | Noticed Natasha
  3672 | D:3      | Killed Natasha
  3982 | D:3      | Killed Crazy Yiuf
  4042 | D:4      | Found a glowing drain.
  4072 | D:4      | Reached skill level 6 in Maces & Flails
  4222 | Sewer    | Entered a sewer
  4225 | Sewer    | Reached XP level 7. HP: 36/44 MP: 7/7
  4605 | Sewer    | Found a white marble altar of Elyvilon.
  4908 | D:4      | Reached skill level 7 in Maces & Flails
  4928 | D:4      | Found a bloodstained altar of Trog.
  5003 | D:4      | Killed from afar by an orc priest

Illustrated notes

Levels and vault maps discovered:
D:1:      wander_arrival_desolate, layout_loops_ring
D:2:      layout_basic, serial_forest, infiniplex_forest_side_room,
          infiniplex_forest_pool, infiniplex_forest_corner_1,
          infiniplex_forest_straight_2, infiniplex_forest_clump_medium
D:3:      cheibrodos_thug_alley, layout_loops_ring,
          hellmonk_ecumenical_altar_run_dry, serial_forest,
          infiniplex_forest_clump_C, infiniplex_forest_clump_long,
          infiniplex_forest_join, infiniplex_forest_clump_double,
          infiniplex_forest_lined_room_2, infiniplex_forest_end_3,
          gammafunk_ghost_grave, minmay_pentomino_pile, uniq_natasha,
          uniq_jessica, uniq_crazy_yiuf_cottage
D:4:      layout_loops_corners, kennysheep_mini, gup_sewer_entry_glass,
          kennysheep_cluttered_room

Skill      XL: |  1  2  3  4  5  6  7 |
---------------+----------------------+-----
Maces & Flails | 3 4 5 6 7 |  7.1
Fighting       | 4 5 |  5.0
Armour         | |  3.2
Shields        | |  3.2

Action                   |  1- 3 |  4- 6 |  7- 9 || total
-------------------------+-------+-------+-------++-------
Melee: Flail             |   116 |   269 |    97 ||   482
       Unarmed           |       |     2 |       ||     2
Throw: Dart              |       |     8 |       ||     8
  Use: Potion            |       |     9 |     2 ||    11
       Scroll            |       |     2 |     1 ||     3
Armor: Scale mail        |    80 |   205 |    68 ||   353
Dodge: Dodged            |    56 |   140 |    32 ||   228
Block: Kite shield       |    83 |   196 |    64 ||   343

Table legend: (Time is in decaauts)
 A = Elapsed time spent in this place.
 B = Non-inter-level travel time spent in this place.
 C = Inter-level travel time spent in this place.
 D = Time resting spent in this place.
 E = Time spent auto-exploring this place.
 F = Levels seen in this place.
 G = Mean time per level.
                   A        B        C        D        E       F      G
               +--------+--------+--------+--------+--------+-----+--------+
         Total |   5261 |   5197 |     64 |    779 |   3385 |   5 | 1052.2 |
       Dungeon |   4777 |   4713 |     64 |    586 |   3200 |   4 | 1194.2 |
         Sewer |    483 |    483 |      0 |    193 |    184 |   1 |  483.0 |
               +--------+--------+--------+--------+--------+-----+--------+

Top non-repeatable levels by time:
     D:3: 2335 daAuts
     D:1: 990 daAuts
     D:2: 897 daAuts
     D:4: 554 daAuts
   Sewer: 483 daAuts
